AoeStats
← niparrara

Arena

510381460Analyzed
1v1 RM · 2d ago on Sep 30, 2026· 47m 51s· 2 players
Game mode
Random Map
Map size
Tiny (2 player)
Population
200
Speed
Normal
Resources
Standard
Victory
Conquest
Starting age
Dark Age
Ending age
Imperial Age
RankedLock teamsTeams togetherTeam positionsShared explorationLock speedFull tech treeHidden civsTurbo modeCheats
Victory
Defeat
🇨🇴 Aztecs · Colombia
793
+16
🇦🇷 Armenians · Argentina
803
-16
niparrara
9:41 Feudal Age
14:58 Castle Age
14:59 Double-Bit Axe
18:36 Fervor
19:16 Bow Saw
18:48 Horse Collar
19:53 Loom
21:34 Sanctity
22:44 Elite Skirmisher
24:28 Fletching
25:30 Town Watch
26:21 Padded Archer Armor
26:43 Ballistics
28:11 Leather Archer Armor
28:57 Redemption
29:32 Town Patrol
30:38 Wheelbarrow
31:09 Bodkin Arrow
35:00 Forging
34:50 Scale Mail Armor
37:49 Hand Cart
40:11 Imperial Age
41:06 Atlatl
41:50 Bracer
42:26 Iron Casting
42:06 Chain Mail Armor
42:24 Garland Wars
43:30 Heavy Plow
48:04 Blast Furnace
47:35 Plate Mail Armor
49:02 Chemistry
TEC212426
3:01 Loom
10:46 Feudal Age
15:10 Castle Age
13:42 Double-Bit Axe
14:08 Horse Collar
19:28 Town Watch
19:56 Bow Saw
19:48 Heavy Plow
20:10 Fletching
20:20 Padded Archer Armor
26:30 Wheelbarrow
26:36 Ballistics
26:29 Bodkin Arrow
27:06 Town Patrol
27:22 Gold Mining
27:23 Stone Mining
27:53 Fervor
29:00 Man-at-Arms
29:25 Gambesons
29:41 Squires
29:27 Arson
31:11 Hand Cart
30:34 Long Swordsman
32:25 Two-Handed Swordsman
35:18 Champion
37:44 Scale Barding Armor
37:41 Scale Mail Armor
37:52 Forging
37:57 Leather Archer Armor
42:49 Imperial Age
41:04 Chain Mail Armor
41:24 Iron Casting
40:54 Murder Holes
41:10 Masonry
40:41 Treadmill Crane
42:43 Herbal Medicine
43:13 Sanctity
43:13 Heresy
42:54 Devotion
43:07 Redemption
43:32 Bloodlines
42:45 Light Cavalry
43:32 Husbandry
44:19 Hoardings
44:18 Bracer
44:50 Plate Mail Armor
44:27 Capped Ram
47:12 Fereters
46:28 Elite Composite Bowman
47:31 Conscription
Connection lost

Rejoining the realm…

Still unreachable

The connection could not be restored.

Session expired

The server has moved on; the page needs a fresh start.